 Dungeon Crawl Stone Soup version 0.31.0 (webtiles) character file.

Game seed: 5148650860531711517

102 qw the Shooter (level 4, -5/28 HPs)
             Began as a Gargoyle Hunter on Jan 19, 2024.
             Slain by an orc
             ... wielding a +0 war axe
              (8 damage)
             ... on level 3 of the Dungeon.
             The game lasted 00:00:07 (1831 turns).

qw the Shooter (Gargoyle Hunter)                    Turns: 1831, Time: 00:00:07

Health: -5/28      AC:  7    Str: 14    XL:     4   Next: 78%
Magic:  4/4        EV: 11    Int: 10    God:
Gold:   124        SH:  0    Dex: 15    Spells: 3/3 levels left

rFire   . . .        a - +0 shortbow
rCold   . . .        (shield currently unavailable)
rNeg    + . .        c - +0 leather armour
rPois   inf          g - +0 helmet
rElec   +            (no cloak)
rCorr   .            (no gloves)
SInv    .            (no boots)
Will    .....        (no amulet)
Stlth   ++           (no ring)
HPRegen 0.24/turn    (no ring)
MPRegen 0.09/turn

%: no passive effects
@: no status effects
A: sickness immunity, AC +3, negative energy resistance 1, electricity
resistance, torment resistance 1, petrification resistance
a: no special abilities


You were on level 3 of the Dungeon.
You visited 1 branch of the dungeon, and saw 3 of its levels.

You collected 124 gold pieces.


Innate Abilities, Weirdness & Mutations

You are immune to sickness and miasma.
Your stone body is resilient. (AC +3)
You are immune to poison.
You resist negative energy. (rN+)
You are resistant to electric shocks. (rElec)
You are resistant to unholy torment.
You are immune to petrification.


   Skills:
 - Level 3.0 Fighting
 + Level 5.7 Ranged Weapons
 - Level 1.5 Dodging
 - Level 1.1 Stealth


You had 3 spell levels left.
You didn't know any spells.
Your spell library was empty.

Inventory:

Hand Weapons
 a - a +0 shortbow (weapon)
Armour
 c - a +0 leather armour (worn)
 g - a +0 helmet (worn)
Wands
 i - a wand of roots (6)
Scrolls
 d - 2 scrolls of amnesia {unknown}
Potions
 b - a potion of curing
 f - a potion of might {unknown}
 j - 2 potions of degeneration {unknown}

Dungeon Overview and Level Annotations

Branches:
Dungeon (3/15)

Altars:
Fedhas


Message History

Found a stone staircase leading down.
d - a scroll labelled LULELU VOUTAUREOLL
j - 2 murky dark potions (gained 1)
d - 2 scrolls labelled LULELU VOUTAUREOLL (gained 1)
Found 6 stones.
You see here 6 stones.
You see here 6 stones.
You open the door.
There is an open door here.
You open the large door. 2 orcs come into view.
The orc shouts! x2
You shoot an arrow.
The arrow hits the orc but does no damage.
You shoot an arrow.
The arrow hits the orc but does no damage.
You shoot an arrow.
The arrow hits the orc but does no damage.
You shoot an arrow. The arrow hits the orc.
The orc is heavily wounded.
The orc hits you with a +0 hand axe. The orc barely misses you.
You shoot an arrow. The arrow closely misses the orc.
The orc completely misses you. The orc closely misses you.
You shoot an arrow. The arrow closely misses the orc.
The orc hits you but does no damage. The orc hits you with a +0 hand axe.
You shoot an arrow. The arrow closely misses the orc.
The orc hits you with a +0 war axe. The orc closely misses you.
You shoot an arrow.
The arrow hits the orc but does no damage.
The orc is heavily wounded.
The orc hits you but does no damage. The orc hits you with a +0 hand axe.
You shoot an arrow. The arrow barely misses the orc.
The orc hits you with a +0 war axe. The orc hits you but does no damage.
You shoot an arrow. The arrow closely misses the orc.
The orc closely misses you. The orc hits you with a +0 hand axe.
You shoot an arrow.
The arrow hits the orc but does no damage.
The orc is heavily wounded.
The orc hits you with a +0 war axe!
You die...

######## #......#
######
#.....####....##
#....## #.8..8.#
#.(.## ......
#..## #....#
#.#### ###.##.#
###...###.##oo##.#
#..###.'.#..@...#
#.#...###.##++##.#
#..#### ### #...##
#....## #.....##
#......##
#.......#######
#.###......>...


You could see 2 orcs.

Vanquished Creatures
  4 adders (D:2)
  2 dart slugs
  3 endoplasms
  7 giant cockroaches
  5 goblins
  6 hobgoblins
  4 jackals (D:2)
  7 kobolds
  3 quokkas
  5 ball pythons
  3 bats
  3 frilled lizards
  4 rats
56 creatures vanquished.

Notes
Turn   | Place    | Note
-------+----------+-------------------------------------------
     0 | D:1      | qw the Gargoyle Hunter began the quest for the Orb.
     0 | D:1      | Reached XP level 1. HP: 12/12 MP: 1/1
     0 | D:1      | 0 ||| qw: Version: 0.3-a-132-g3d54051
     0 | D:1      | 0 ||| qw: Game counter: 16
     0 | D:1      | 0 ||| qw: Melee chars always use a shield: true
     0 | D:1      | 0 ||| qw: God list: Okawaru
     0 | D:1      | 0 ||| qw: Allow faded altars: false
     0 | D:1      | 0 ||| qw: Do Orc after clearing Dungeon:15 true
     0 | D:1      | 0 ||| qw: Do second Lair branch before Depths: true
     0 | D:1      | 0 ||| qw: Lair rune preference: random
     0 | D:1      | 0 ||| qw: Goals: Normal
     0 | D:1      | 0 ||| PLANNING D:1-11
    28 | D:1      | Found a faded altar of an unknown god.
   288 | D:1      | Reached XP level 2. HP: 17/17 MP: 2/2
   682 | D:1      | Reached XP level 3. HP: 21/21 MP: 3/3
   855 | D:1      | Reached skill level 5 in Ranged Weapons
   984 | D:1      | 984 ||| READING 2 scrolls labelled ROMEENYD GOUFETRA.
   985 | D:1      | 985 ||| DROPPING scroll of butterflies.
   986 | D:1      | 986 ||| DROPPING scroll of poison.
  1188 | D:2      | Found a blossoming altar of Fedhas.
  1282 | D:2      | 1282 ||| FLEEEEING.
  1361 | D:2      | Reached skill level 3 in Fighting
  1361 | D:2      | 1361 ||| FLEEEEING.
  1415 | D:2      | Reached XP level 4. HP: 28/28 MP: 4/4
  1707 | D:2      | 1707 ||| UPGRADING to +0 helmet.
  1712 | D:2      | 1712 ||| READING 2 scrolls labelled DUUC DYFEGGIE.
  1712 | D:2      | 1712 ||| IDENTIFYING purple potion
  1713 | D:2      | 1713 ||| READING scroll of identify.
  1713 | D:2      | 1713 ||| IDENTIFYING cyan potion
  1714 | D:2      | 1714 ||| READING 3 scrolls labelled BYZION VALEUCHUL.
  1715 | D:2      | 1715 ||| DROPPING potion of lignification.
  1716 | D:2      | 1716 ||| DROPPING 2 scrolls of fog.
  1742 | D:3      | 1742 ||| STAIRDANCE
  1746 | D:3      | 1746 ||| STAIRDANCE
  1829 | D:3      | HP: 7/28 [orc/+0 war axe (4)]
  1830 | D:3      | HP: 2/28 [orc/+0 hand axe (5)]
  1831 | D:3      | Slain by an orc

Levels and vault maps discovered:
D:1:      amcnicky_arrival_abandoned_market, layout_basic,
          shapermc_ecumenical_altar_notcrosses
D:2:      layout_loops_cross, basic_altar, nicolae_half_adder
D:3:      layout_basic, mainiacjoe_overflow_tiny_flanked, serial_bayou,
          serial_bayou_lagoon_b, serial_bayou_pond_b, serial_bayou_pond_b,
          serial_bayou_shore_a, wad_orctagon

Skill      XL: |  1  2  3 |
---------------+----------+-----
Ranged Weapons | 5 |  5.7
Fighting       | 3 |  3.0
Dodging        | |  1.5
Stealth        | |  1.1

Action                     |  1- 3 |  4- 6 || total
---------------------------+-------+-------++-------
   Fire: Shortbow          |   114 |    45 ||   159
    Use: Scroll            |     1 |     3 ||     4
 Armour: Leather armour    |    54 |    16 ||    70
  Dodge: Dodged            |    46 |    14 ||    60

Table legend:
 A = Non-vault XP
 B = Vault XP
 C = Vault XP percentage of total XP
 D = Non-vault monster count
 E = Vault monster count
 F = Vault count percentage of total count
                 A         B        C        D         E       F
            +---------+---------+-------+---------+---------+-------
      Total |     121 |      26 |  17.7 |      54 |       2 |   3.6
            +---------+---------+-------+---------+---------+-------
        D:1 |      46 |       0 |   0.0 |      25 |       0 |   0.0
        D:2 |      71 |      26 |  26.8 |      28 |       2 |   6.7
        D:3 |       4 |       0 |   0.0 |       1 |       0 |   0.0
            +---------+---------+-------+---------+---------+-------
